 Dungeon Crawl Stone Soup version 0.31.0-11-ge490571c62 (webtiles) character file.

Game seed: 14751284698754754854

1782 Bobbunny the Fighter (level 9, -6/63 (77) HPs)
             Began as a Formicid Delver on Feb 3, 2024.
             Constricted to death by Jeremiah (7 damage)
             ... on level 6 of the Dungeon.
             The game lasted 00:06:58 (6696 turns).

Bobbunny the Fighter (Formicid Delver)              Turns: 6696, Time: 00:06:58

HP:   -6/63 (77)    AC: 10    Str: 27    XL:     9   Next: 29%
MP:   0/9           EV:  8    Int: 10    God:
Gold: 66            SH:  0    Dex: 21    Spells: 8/8 levels left

rFire   . . .        A - +1 war axe
rCold   . . .        (no shield)
rNeg    . . .        t - +1 scale mail
rPois   .            (helmet unavailable)
rElec   .            x - +2 cloak
rCorr   .            (no gloves)
SInv    +            (no boots)
Will    .....        p - amulet of guardian spirit
Stlth   ++           w - +6 ring of dexterity
HPRegen 0.30/turn    g - +6 ring of strength
MPRegen 0.11/turn

%: guardian spirit
@: grasped by roots, constricted, heavily drained
A: permanent stasis, dig shafts and tunnels, antennae 3, four strong arms
a: Dig, Shaft Self


You were on level 6 of the Dungeon.
You visited 2 branches of the dungeon, and saw 7 of its levels.

You collected 262 gold pieces.
You spent 196 gold pieces at shops.

Inventory:

Hand Weapons
 j - a +0 dagger of venom
 A - a +1 war axe (weapon)
Missiles
 f - 26 poisoned darts (quivered)
Armour
 t - a +1 scale mail (worn)
 x - a +2 cloak (worn)
Jewellery
 g - a +6 ring of strength (right hand)
 l - a ring of fire
 o - a ring of positive energy
 p - an amulet of guardian spirit (around neck)
 w - a +6 ring of dexterity (left hand)
Wands
 h - a wand of digging (3)
 z - a wand of flame (19)
Scrolls
 a - a scroll of vulnerability
 c - 2 scrolls of fog
 e - a scroll of fear
 k - 2 scrolls of immolation
 n - a scroll of revelation
Potions
 b - 2 potions of ambrosia
 d - 2 potions of mutation
 i - 3 potions of curing
 m - a potion of cancellation
 r - a potion of attraction {unknown}
 v - 2 potions of lignification


   Skills:
 + Level 9.4 Fighting
 + Level 8.3 Axes
 - Level 1.7 Dodging
 - Level 6.0 Stealth


You had 8 spell levels left.
You didn't know any spells.
Your spell library contained the following spells:

 Spells                   Type           Power      Damage    Failure   Level
 Apportation              Tloc           0%         N/A       65%         1
 Jinxbite                 Hex            0%         N/A       80%         2
 Alistair's Intoxication  Alch           0%         N/A       100%        5


Dungeon Overview and Level Annotations

Branches:
Dungeon (6/15)             Temple (1/1) D:4

Altars:
Ashenzari
Dithmenos
Fedhas
Gozag
Kikubaaqudgha
Makhleb
Nemelex Xobeh
Qazlal
Sif Muna
Trog
Uskayaw
Vehumet
Wu Jian
Xom
Zin
The Shining One

Shops:
D:6 !(

Annotations:
D:4 2 transporters
D:6 Jeremiah


Innate Abilities, Weirdness & Mutations

You cannot be hasted, slowed, berserked, paralysed or teleported.
You can dig through walls and to a lower floor.
You have a pair of large antennae on your head. (SInv)
Your four strong arms can wield two-handed weapons with a shield.


Message History

The butterfly disappears in a burst of colours! x2
Jeremiah hits you with a +3 trident of draining.
* * * LOW HITPOINT WARNING * * *
You feel drained. The grasping roots constrict you!
* * * LOW HITPOINT WARNING * * *
The grasping roots release their grip on you.
You feel much better.
The butterfly disappears in a burst of colours!
Jeremiah zaps a wand.
The roots erupt in riotous growth!
The grasping roots grab you!
The butterfly is unaffected. x3; Jeremiah is unaffected.
The grasping roots constrict you.
You slash Jeremiah!
Jeremiah is heavily wounded.
You hit the butterfly.
You kill the butterfly!
The butterfly disappears in a burst of colours!
You miss the butterfly. x2; You hit the butterfly.
You kill the butterfly!
The butterfly disappears in a burst of colours! x3
Jeremiah hits you with a +3 trident of draining!
* * * LOW HITPOINT WARNING * * *
You feel drained.
* * * LOW HITPOINT WARNING * * *
The grasping roots constrict you!
* * * LOW HITPOINT WARNING * * *
Jeremiah hits you but does no damage.
You feel drained. The grasping roots constrict you.
* * * LOW HITPOINT WARNING * * *
You barely miss Jeremiah.
Jeremiah is heavily wounded.
You closely miss the butterfly. You miss the butterfly.
The butterfly disappears in a burst of colours!
Jeremiah hits you with a +3 trident of draining.
* * * LOW HITPOINT WARNING * * *
You feel drained.
* * * LOW HITPOINT WARNING * * *
The grasping roots constrict you!
You die...
Jeremiah asks, "Is it over?
Can I wake up now?"

#....##......
####....##.#....
......{.##.#....
############.....# .#....
#..........#+###'##.#.#
#.....b.........F.....#
#.....b.bb......b.....#
#.......bF.bb......._.#
#.......@b.b..##+##.....
#....b.bb...b..........#
#...................#..##
#..........#.#......#...#
#.......b..#.#......#...#
#..........#. .....#....
############ #####...#.#
..........# #####.#.###


You could see Jeremiah.

Vanquished Creatures
  Grinder (D:3)
  Sigmund (D:5)
  Eustachio (D:5)
  A water moccasin (D:6)
  An ice beast (D:6)
  A sky beast (D:6)
  2 kobold brigands
  Blork the orc (D:5)
  4 scorpions (D:6)
  A hound (D:6)
  A bombardier beetle (D:5)
  An orc priest (D:4)
  A sleepcap (D:5)
  5 iguanas
  Terence (D:3)
  3 orc wizards (D:5)
  7 adders
  A gnoll (D:1)
  A shadow imp (D:5)
  A white imp (D:6)
  A ribbon worm (D:2)
  12 orcs
  2 bats
  8 endoplasms
  3 giant cockroaches
  6 goblins
  11 hobgoblins
  9 jackals
  3 quokkas
  7 ball pythons
  3 frilled lizards (D:1)
  10 kobolds
  8 rats
119 creatures vanquished.

Notes
Turn   | Place    | Note
-------+----------+-------------------------------------------
     0 | D:5      | Bobbunny the Formicid Delver began the quest for the Orb.
     0 | D:5      | Reached XP level 1. HP: 18/18 MP: 1/1
    39 | D:5      | Noticed a bombardier beetle
   136 | D:4      | Reached XP level 2. HP: 16/24 MP: 2/2
   398 | D:4      | Reached XP level 3. HP: 30/30 MP: 3/3
   402 | D:4      | Reached skill level 4 in Fighting
   414 | D:4      | Found a transporter.
   415 | D:4      | Found a transporter.
   510 | D:4      | Reached XP level 4. HP: 10/38 MP: 4/4
   770 | D:3      | Identified the staff of the Hall of Blades {rElec Ice Air}
   827 | D:3      | Noticed Grinder
  1571 | D:1      | Reached XP level 5. HP: 31/43 MP: 5/5
  2832 | D:3      | Noticed Terence
  2843 | D:3      | Killed Terence
  2844 | D:3      | Reached skill level 5 in Fighting
  3557 | D:3      | Killed Grinder
  3558 | D:3      | Reached skill level 6 in Fighting
  3558 | D:3      | Reached skill level 5 in Axes
  3558 | D:3      | Reached XP level 6. HP: 17/52 MP: 1/6
  3558 | D:3      | Reached XP level 7. HP: 19/58 MP: 1/7
  3869 | D:4      | Found a staircase to the Ecumenical Temple.
  3877 | Temple   | Entered the Ecumenical Temple
  4299 | D:5      | Noticed Sigmund
  4316 | D:5      | Killed Sigmund
  4566 | D:5      | Reached skill level 7 in Fighting
  4577 | D:5      | Noticed Eustachio
  4597 | D:5      | Killed Eustachio
  4598 | D:5      | Reached XP level 8. HP: 51/67 MP: 5/8
  4793 | D:5      | Noticed Blork the orc
  4795 | D:5      | Killed Blork the orc
  5224 | D:5      | Reached skill level 8 in Fighting
  5987 | D:6      | Found a blossoming altar of Fedhas.
  6092 | D:6      | Found Finog's Distillery.
  6093 | D:6      | Found Tiott's Weapon Boutique.
  6097 | D:6      | Bought a potion of lignification for 42 gold pieces
  6201 | D:6      | Bought a potion of cancellation for 112 gold pieces
  6201 | D:6      | Bought a potion of curing for 42 gold pieces
  6230 | D:6      | Reached XP level 9. HP: 44/75 MP: 6/9
  6469 | D:6      | Reached skill level 9 in Fighting
  6637 | D:6      | Noticed Jeremiah
  6693 | D:6      | HP: 2/68 [constriction (10)]
  6696 | D:6      | Constricted to death by Jeremiah

Illustrated notes

Levels and vault maps discovered:
D:1:      minmay_arrival_jagged, layout_basic
D:2:      layout_loops_ring
D:3:      layout_basic, grunt_ministairs_1, kennysheep_potato, uniq_terence,
          uniq_grinder
D:4:      gammafunk_wand_slinger, layout_cave_pods,
          minmay_temple_entry_mini_moons, kennysheep_small_square
D:5:      layout_layer_cave, blue_anna_alchemist, fountainhead,
          kennysheep_generic_room_12, uniq_blork_the_orc, uniq_sigmund,
          uniq_eustachio
D:6:      layout_basic, mainiacjoe_overflow_boulevard, kennysheep_crisscross,
          nicolae_wooded_promenade, uniq_jeremiah
Temple:   hellmonk_temple_two_chambers

Skill      XL: |  1  2  3  4  5  6  7  8  9 |
---------------+----------------------------+-----
Fighting       | 4 6 7 8 9 |  9.4
Axes           | 3 5 6 7 8 |  8.3
Dodging        | |  1.7
Stealth        | |  6.0

Action                     |  1- 3 |  4- 6 |  7- 9 || total
---------------------------+-------+-------+-------++-------
  Melee: Hand axe          |    24 |       |    13 ||    37
         Dagger            |    19 |   199 |   118 ||   336
         Punch             |     1 |     3 |     2 ||     6
         War axe           |       |       |    58 ||    58
    Use: Scroll            |     1 |       |     9 ||    10
         Potion            |       |       |     1 ||     1
   Stab: Sleeping          |     7 |    15 |     5 ||    27
 Armour: Leather armour    |    20 |    62 |       ||    82
         Scale mail        |       |    32 |   171 ||   203
  Dodge: Dodged            |    22 |   111 |   101 ||   234
